 Dungeon Crawl Stone Soup version 0.22-a0-348-gd16d139 (webtiles) character file.

12 xccam the Changer (level 2, 0/20 HPs)
             Began as a Gnoll Wanderer on Apr 7, 2018.
             Slain by an adder (4 damage)
             ... on level 2 of the Dungeon.
             The game lasted 00:01:09 (1046 turns).

xccam the Changer (Gnoll Wanderer)                  Turns: 1046, Time: 00:01:10

Health: 0/20       AC:  2    Str: 17    XL:     2   Next: 33%
Magic:  5/5        EV: 11    Int: 13    God:
Gold:   36         SH:  0    Dex: 12    Spells: 6/6 levels left

rFire    . . .     SeeInvis .   d - +0 club
rCold    . . .     Gourm    .   (no shield)
rNeg     . . .     Faith    .   c - +0 robe
rPois    .         Spirit   .   (no helmet)
rElec    .         Reflect  .   (no cloak)
rCorr    .         Harm     .   (no gloves)
MR       .....                  (no boots)
Stlth    +.........             (no amulet)
HPRegen  0.06/turn              (no ring)
MPRegen  0.09/turn              (no ring)

@: no status effects
A: distributed training, fangs 1, strong nose
a: no special abilities


You were on level 2 of the Dungeon.
You were not hungry.

You visited 1 branch of the dungeon, and saw 2 of its levels.

You collected 36 gold pieces.

Inventory:

Hand Weapons
 d - a +0 club (weapon)
Armour
 c - a +0 robe (worn)
Scrolls
 a - 2 scrolls of noise {unknown}
 b - a scroll of enchant weapon {unknown}
 e - 3 scrolls of teleportation {unknown}
 h - a scroll of identify {unknown}
Potions
 g - a potion of lignification {unknown}
 i - 2 potions of might {unknown}
Comestibles
 f - 2 rations


   Skills:
 + Level 0.3 Fighting
 + Level 0.3 Short Blades
 + Level 0.3 Long Blades
 + Level 0.3 Axes
 + Level 0.3 Maces & Flails
 + Level 0.3 Polearms
 + Level 0.3 Staves
 + Level 0.3 Slings
 + Level 0.3 Bows
 + Level 0.3 Crossbows
 + Level 2.4 Throwing
 + Level 0.3 Armour
 + Level 0.3 Dodging
 + Level 0.3 Stealth
 + Level 0.3 Shields
 + Level 0.3 Unarmed Combat
 + Level 2.7 Spellcasting
 + Level 0.2 Conjurations
 + Level 2.0 Hexes
 + Level 0.2 Charms
 + Level 2.0 Summonings
 + Level 0.2 Necromancy
 + Level 0.2 Translocations
 + Level 5.3 Transmutations
 + Level 3.7 Fire Magic
 + Level 0.2 Ice Magic
 + Level 0.2 Air Magic
 + Level 0.2 Earth Magic
 + Level 0.2 Poison Magic
 + Level 0.4 Invocations
 + Level 2.4 Evocations


You had 6 spell levels left.
You didn't know any spells.

Dungeon Overview and Level Annotations

Branches:
Dungeon (2/15)

Altars:


Innate Abilities, Weirdness & Mutations

Your experience applies equally to all skills.
You have very sharp teeth.
Your uncanny sense of smell can sniff out nearby items.


Message History

You are too injured to fight recklessly!
You are too injured to fight recklessly!
There is an escape hatch in the floor here.
You closely miss the hobgoblin.
The hobgoblin is lightly wounded.
The hobgoblin closely misses you.
You hit the hobgoblin.
You bite the hobgoblin, but do no damage.
The hobgoblin is heavily wounded.
The hobgoblin hits you with a club.
* * * LOW HITPOINT WARNING * * *
You closely miss the hobgoblin. Your bite misses the hobgoblin.
The hobgoblin is heavily wounded.
The hobgoblin hits you with a club.
* * * LOW HITPOINT WARNING * * *
You hit the hobgoblin.
You kill the hobgoblin!
The adder closely misses you.
You completely miss the adder. The adder misses you. The adder bites you.
You die...

#≈≈#...#.#.......#
#.# #
#.⌠.#.#.##.#.##
#.# #...#.#.##.#.#
#.#
≈≈###.........#
#.#
≈≈≈≈.........###
##.#### ≈≈
≈....#.####
###...#.#
≈≈###..#.#
#......#. #.
.#.#.# #.#.....#
#.⌠ #.#@#
#...#####
#...#.#S# ##.##
#.%>.# #.#
.....S..#.# #>#
#.###.....# #<#
#.##### #.# ...
#.# #.## #.# #.
#.#


You could see an adder.

Vanquished Creatures
  A leopard gecko (D:2)
  2 goblins (D:1)
  A hobgoblin (D:2)
  A bat (D:1)
  4 frilled lizards (D:1)
  A kobold (D:1)
  3 rats
13 creatures vanquished.

Notes
Turn   | Place    | Note
-------+----------+-------------------------------------------
     0 | D:1      | xccam the Gnoll Wanderer began the quest for the Orb.
     0 | D:1      | xccam set off with: a +0 robe, a +0 club, a ration
     0 | D:1      | Reached XP level 1. HP: 13/13 MP: 4/4
   546 | D:1      | Reached XP level 2. HP: 10/19 MP: 5/5
  1046 | D:2      | Slain by an adder

Vault maps used:
D:1:      dpeg_arrival_erosion
D:2:      vehumet_crystals, first_ration, fountainhead, uniq_jessica

Skill      XL: |  1 |
---------------+----+-----
Hexes          | 2 |  2.0
Summonings     | 2 |  2.0
Fighting       | |  0.3
Short Blades   | |  0.3
Long Blades    | |  0.3
Axes           | |  0.3
Maces & Flails | |  0.3
Polearms       | |  0.3
Staves         | |  0.3
Slings         | |  0.3
Bows           | |  0.3
Crossbows      | |  0.3
Throwing       | |  2.4
Armour         | |  0.3
Dodging        | |  0.3
Stealth        | |  0.3
Shields        | |  0.3
Unarmed Combat | |  0.3
Spellcasting   | |  2.7
Conjurations   | |  0.2
Charms         | |  0.2
Necromancy     | |  0.2
Translocations | |  0.2
Transmutations | |  5.3
Fire Magic     | |  3.7
Ice Magic      | |  0.2
Air Magic      | |  0.2
Earth Magic    | |  0.2
Poison Magic   | |  0.2
Invocations    | |  0.4
Evocations     | |  2.4

Action                   || total
-------------------------++-------
Melee: Club              ||    55
       Bite              ||     4
Armor: Robe              ||    22
Dodge: Dodged            ||    41

Table legend:
 A = Spawn XP
 B = Non-spawn XP
 C = Spawn XP percentage of total XP
 D = Spawn monster count
 E = Non-spawn monster count
 F = Spawn count percentage of total count
 G = Total turns spent on level
                    A         B        C        D         E        F      G
               +---------+---------+-------+---------+---------+-------+---------
         Total |       0 |      18 |   0.0 |       0 |      13 |   0.0 |  1046
               +---------+---------+-------+---------+---------+-------+---------
           D:1 |       0 |      12 |   0.0 |       0 |      10 |   0.0 |   912
           D:2 |       0 |       6 |   0.0 |       0 |       3 |   0.0 |   134
               +---------+---------+-------+---------+---------+-------+---------
